 Dungeon Crawl Stone Soup version 0.26.1-11-gd32895ea62 (webtiles) character file.

Game seed: 15076123866542652338

7343 bigdumb the Destroyer (level 10, -2/69 HPs)
             Began as a Demigod Conjurer on June 26, 2021.
             Shot with an arrow by a centaur (5 damage)
             ... on level 11 of the Dungeon on June 27, 2021.
             The game lasted 00:39:05 (13560 turns).

bigdumb the Destroyer (Demigod Conjurer)           Turns: 13560, Time: 00:39:05

Health: -2/69      AC:  9    Str: 10    XL:     10   Next: 60%
Magic:  27/27      EV: 18    Int: 28    God:
Gold:   468        SH:  0    Dex: 14    Spells: 24/27 levels left

rFire    . . .     SeeInvis .   z - +1 quarterstaff (speed)
rCold    . . .     Faith    .   (shield currently unavailable)
rNeg     . . .     Spirit   .   l - +1 robe
rPois    .         Reflect  .   k - +0 helmet
rElec    .         Harm     .   (no cloak)
rCorr    .         Rampage  .   (no gloves)
Will     +....     Clarity  +   C - +0 pair of boots
Stlth    +++.......             (no amulet)
HPRegen  0.21/turn              p - +4 ring of protection
MPRegen  0.20/turn              u - +4 ring of evasion

@: marked, hasted, very quick
A: clarity, high mp 1, MP-powered wands
a: no special abilities


You were on level 11 of the Dungeon.
You visited 1 branch of the dungeon, and saw 11 of its levels.

You collected 528 gold pieces.
You spent 60 gold pieces at shops.

Inventory:

Hand Weapons
 q - a +1 mace of protection
 t - a +4 antimagic hand axe
 x - a +2 dagger of speed
 y - a +2 whip of electrocution
 z - a +1 quarterstaff of speed (weapon)
Armour
 a - a +0 robe
 k - a +0 helmet (worn)
 l - a +1 robe (worn)
 C - a +0 pair of boots (worn)
Jewellery
 f - an uncursed ring of flight
 h - a +4 ring of slaying
 p - a +4 ring of protection (left hand)
 u - a +4 ring of evasion (right hand)
 J - an uncursed amulet of guardian spirit {unknown}
Wands
 d - a wand of flame (32)
 w - a wand of paralysis (17)
 A - a wand of digging (12)
 H - a wand of iceblast (7)
Scrolls
 b - 6 scrolls of teleportation
 c - 3 scrolls of fog
 g - 8 scrolls of identify
 i - 3 scrolls of immolation
 m - 3 scrolls of blinking
 r - 3 scrolls of enchant weapon
 s - 3 scrolls of remove curse
 E - a scroll of amnesia
 G - a scroll of noise {unknown}
 K - a scroll of enchant armour
Potions
 e - 4 potions of curing
 j - 3 potions of haste
 o - a potion of mutation
 v - 2 potions of might
 B - a potion of magic {unknown}
 D - a potion of brilliance {unknown}
 F - 2 potions of flight
Miscellaneous
 I - a lightning rod (1/4)


   Skills:
 + Level 4.6 Dodging
 + Level 4.5 Stealth
 + Level 9.4 Spellcasting
 + Level 10.8 Conjurations


You had 24 spell levels left.
You knew the following spells:

 Your Spells              Type           Power        Failure   Level
a - Magic Dart            Conj           100%         1%          1
b - Searing Ray           Conj           100%         1%          2

Your spell library contained the following spells:

 Spells                   Type           Power        Failure   Level
 Conjure Flame            Conj/Fire      43%          1%          3
 Dazzling Flash           Conj/Hex       86%          1%          3
 Mephitic Cloud           Conj/Pois/Air  33%          3%          3
 Fulminant Prism          Conj/Hex       21%          4%          4
 Iskenderun's Mystic Bla  Conj/Tloc      43%          4%          4
 Blink                    Tloc           N/A          6%          2
 Call Imp                 Summ           13%          6%          2
 Slow                     Hex            13%          6%          2


Dungeon Overview and Level Annotations

Branches:
Dungeon (11/15)            Temple (0/1) D:5
   Lair: D:8-11         Orc: D:9-12

Shops:
D:4 !   D:7 }!*(

Annotations:
D:5 3 runed translucent doors, Zeld's ghost, novice DrGl; nothank2's ghost, novice MiFi; oc3rt's ghost, novice HuHu


Innate Abilities, Weirdness & Mutations

You have an increased reservoir of magic. (+10% MP)
You possess an exceptional clarity of mind.
You expend magic power (3 MP) to strengthen your wands.


Message History

Deactivating autopickup; reactivate with Ctrl-A.
The centaur shoots an arrow.
Something hits you.
The centaur shoots an arrow.
Something hits you.
You barely miss something. Something barely misses you. Something hits you!
The centaur shoots an arrow.
The arrow barely misses you.
You closely miss something. Something hits you. Something hits you!
The centaur shoots an arrow.
The arrow hits you. Something hits you but does no damage.
You hit something. Something closely misses you.
The centaur shoots an arrow.
Something hits you!
You feel yourself speed up. Something closely misses you. Something hits you!
* * * LOW HITPOINT WARNING * * *
The centaur shoots an arrow.
The arrow hits you.
* * * LOW HITPOINT WARNING * * *
Something hits you!
* * * LOW HITPOINT WARNING * * *
The centaur shoots an arrow.
Something hits you but does no damage.
The centaur shoots an arrow.
The arrow hits you.
You die...

#.......# #c# #.......#
#.# #+####...)...# #.# #
............^# #.#.###
....[........###.#...
.............c.....
#+####......####'#######
#.(((.............#
#(@{..............#
#.................#
#.................#
#.................#
#####'#...........#
#.#...........#
#.#...........#
#.#...........#
#.#...........#


You could see a centaur.

Vanquished Creatures
  2 two-headed ogres (D:11)
  Pikel (D:9)
  A komodo dragon (D:8)
  A troll (D:10)
  Prince Ribbit (D:6)
  6 yaks
  Sigmund (D:3)
  A water moccasin (D:7)
  2 ice beasts
  2 orc warriors
  4 sky beasts
  3 ogres
  An eye of draining (D:8)
  3 centaurs
  A phantom (D:7)
  2 lemures (D:9)
  Blork the orc (D:6)
  2 big kobolds
  A gnoll sergeant (D:7)
  4 bullfrogs
  A scorpion (D:7)
  12 wights
  3 howler monkeys
  A bullfrog zombie (D:5)
  A centaur zombie (D:9)
  A quasit (D:6)
  3 jellies
  6 hounds
  2 orc priests
  2 bullfrog skeletons
  6 orc wizards
  A centaur skeleton (D:8)
  7 worker ants
  A killer bee zombie (D:9)
  A hound zombie (D:7)
  A hound skeleton (D:10)
  A worker ant zombie (D:3)
  7 gnolls
  8 adders
  2 shadow imps
  2 white imps
  3 ufetubi
  2 adder skeletons
  An adder zombie (D:7)
  5 worms
  A dart slug (D:2)
  9 leopard geckos
  30 orcs
  5 bats
  5 giant cockroaches
  5 goblins
  4 hobgoblins
  7 jackals (D:7)
  11 kobolds
  2 quokkas
  4 ball pythons
  8 frilled lizards
  A leopard gecko skeleton (D:5)
  A leopard gecko zombie (D:6)
  3 rats
216 creatures vanquished.

Vanquished Creatures (others)
  6 plants (D:8)
  4 withered plants (D:5)
10 creatures vanquished.

Grand Total: 226 creatures vanquished

Notes
Turn   | Place    | Note
-------+----------+-------------------------------------------
     0 | D:1      | bigdumb the Demigod Conjurer began the quest for the Orb.
     0 | D:1      | Reached XP level 1. HP: 14/14 MP: 5/5
  1043 | D:2      | Reached XP level 2. HP: 20/20 MP: 2/7
  1117 | D:2      | Reached skill level 4 in Conjurations
  1386 | D:2      | Gained mutation: You possess an exceptional clarity of
                  | mind. [potion of mutation]
  1386 | D:2      | Gained mutation: You expend magic power (3 MP) to
                  | strengthen your wands. [potion of mutation]
  1587 | D:2      | Reached XP level 3. HP: 26/26 MP: 0/8
  1673 | D:2      | Learned a level 2 spell: Searing Ray
  2562 | D:3      | Noticed Sigmund
  2572 | D:3      | Killed Sigmund
  2573 | D:3      | Reached skill level 5 in Conjurations
  2573 | D:3      | Reached XP level 4. HP: 16/33 MP: 1/11
  2573 | D:3      | Reached XP level 5. HP: 18/38 MP: 1/12
  3338 | D:3      | Reached XP level 6. HP: 39/45 MP: 7/14
  3524 | D:4      | Found Ekhyps's Distillery.
  3973 | D:5      | Entered Level 5 of the Dungeon
  3982 | D:5      | Reached skill level 6 in Conjurations
  4462 | D:5      | Found a runed translucent gate.
  4463 | D:5      | Found a runed translucent gate.
  4464 | D:5      | Found a runed translucent gate.
  4465 | D:5      | Noticed oc3rt's ghost (novice HuHu)
  4466 | D:5      | Noticed nothank2's ghost (novice MiFi)
  4466 | D:5      | Noticed Zeld's ghost (novice DrGl)
  4719 | D:5      | Found a shimmering blue altar of Sif Muna.
  4868 | D:5      | Found a staircase to the Ecumenical Temple.
  5239 | D:6      | Reached XP level 7. HP: 45/50 MP: 3/16
  5340 | D:6      | Noticed Prince Ribbit
  5351 | D:6      | Killed Prince Ribbit
  5631 | D:6      | Reached skill level 5 in Spellcasting
  5631 | D:6      | Reached skill level 7 in Conjurations
  6118 | D:6      | Noticed Blork the orc
  6124 | D:6      | Killed Blork the orc
  6149 | D:6      | Reached XP level 8. HP: 42/57 MP: 13/19
  6814 | D:7      | Found a shadowy altar of Dithmenos.
  6954 | D:7      | Found Afuivvuz's Distillery.
  6967 | D:7      | Bought a potion of heal wounds for 60 gold pieces
  7043 | D:7      | Found Baesoiba's Weapon Shoppe.
  7047 | D:7      | Reached skill level 8 in Conjurations
  7082 | D:7      | Found Jeutwuh's General Store.
  7408 | D:7      | Found a broken altar of Ashenzari.
  8037 | D:7      | Found Fuj Unn's Gadget Shoppe.
  8812 | D:7      | Reached XP level 9. HP: 54/62 MP: 9/23
  9376 | D:8      | Found a broken altar of Ashenzari.
  9587 | D:8      | Reached skill level 9 in Conjurations
 10170 | D:8      | Noticed a komodo dragon
 10177 | D:8      | Killed a komodo dragon
 10476 | D:9      | Noticed Pikel
 10936 | D:9      | Killed Pikel
 11212 | D:8      | Reached XP level 10. HP: 32/69 MP: 20/26
 11586 | D:9      | Reached skill level 10 in Conjurations
 11864 | D:9      | Paralysed by a wight for 5 turns
 12181 | D:9      | Found an ornate altar of the Wu Jian Council.
 12181 | D:9      | Found a glowing silver altar of Zin.
 12293 | D:10     | Entered Level 10 of the Dungeon
 12814 | D:10     | Noticed a boulder beetle
 13185 | D:11     | Noticed a two-headed ogre
 13193 | D:11     | Killed a two-headed ogre
 13339 | D:11     | Noticed a two-headed ogre
 13349 | D:11     | Killed a two-headed ogre
 13559 | D:11     | HP: 3/69 [something (8)]
 13560 | D:11     | Shot with an arrow by a centaur

Illustrated notes

Levels and vault maps discovered:
D:1:      amcnicky_arrival_single_pillar, layout_loops_corners
D:2:      layout_loops_ring
D:3:      layout_rooms, uniq_sigmund
D:4:      layout_rooms, serial_shops, shop
D:5:      layout_loops_ring, tgw_sif, temple_doors_e, gammafunk_ghost_cemetery
D:6:      layout_loops_ring, uniq_prince_ribbit1, uniq_blork_the_orc
D:7:      layout_layer_cave, serial_shops, nicolae_shop_trees, shop, shop, shop,
          basic_altar, grunt_decor_cap, nicolae_dithmenos_the_darkroom
D:8:      layout_loops_ring, lemuel_coloured_pillars_altar, minmay_lizard_king
D:9:      layout_big_octagon, gammafunk_temple_overflow_wave, uniq_pikel
D:10:     layout_roguey, orc_0_dummy
D:11:     layout_basic, david_lair_generic

Skill      XL: |  1  2  3  4  5  6  7  8  9 10 |
---------------+-------------------------------+-----
Stealth        | 2 3 4 |  4.5
Conjurations   | 4 5 6 7 8 9 10 | 10.8
Spellcasting   | 2 3 4 5 6 8 9 |  9.4
Dodging        | 2 3 4 |  4.6

Action                   |  1- 3 |  4- 6 |  7- 9 | 10-12 || total
-------------------------+-------+-------+-------+-------++-------
Melee: Unarmed           |     3 |       |       |       ||     3
       Mace              |       |       |     4 |       ||     4
       Quarterstaff      |       |       |       |     3 ||     3
 Cast: Magic Dart        |    53 |    22 |   109 |    48 ||   232
       Searing Ray       |    12 |    37 |    96 |    32 ||   177
Evoke: Lightning rod     |       |       |       |     4 ||     4
  Use: Potion            |     5 |       |     4 |     3 ||    12
       Scroll            |     4 |       |    10 |       ||    14
Armor: Robe              |     2 |     4 |    23 |     6 ||    35
Dodge: Dodged            |    17 |    12 |   106 |    35 ||   170
